 Dungeon Crawl Stone Soup version 0.26.1-2-gb8aa6d0cf2 (webtiles) character file.

Game seed: 13411414953930656957

4599 Descartes the Blocker (level 10, -6/53 HPs)
             Began as a Vine Stalker Fighter on Feb 21, 2021.
             Was a Priest of Makhleb.
             Mangled by a two-headed ogre
             ... wielding a +0 giant club
              (20 damage)
             ... on level 8 of the Dungeon.
             The game lasted 00:18:10 (7288 turns).

Descartes the Blocker (Vine Stalker Fighter)        Turns: 7288, Time: 00:18:11

Health: -6/53      AC: 14    Str: 19    XL:     10   Next: 41%
Magic:  0/15       EV:  7    Int: 10    God:    Makhleb [***...]
Gold:   472        SH: 17    Dex: 19    Spells: 15/15 levels left

rFire    + + .     SeeInvis .   a - +1 war axe
rCold    x . .     Faith    .   c - +0 kite shield
rNeg     . . .     Spirit   +   z - +0 fire dragon scales
rPois    .         Reflect  +   F - +2 hat
rElec    .         Harm     .   (no cloak)
rCorr    .         Rampage  .   (no gloves)
Will     ++...                  l - +0 pair of boots
Stlth    ..........             u - amulet of reflection
HPRegen  0.57/turn              q - ring of willpower
MPRegen  0.14/turn              (no ring)

@: no status effects
A: fangs 3, agile 2, regeneration 1, shaggy fur 1, magic shield, antimagic bite,
no potion heal 3, MP-powered wands
a: Renounce Religion, Minor Destruction, Lesser Servant of Makhleb


You were on level 8 of the Dungeon.
You worshipped Makhleb.
Makhleb was most pleased with you.
You visited 2 branches of the dungeon, and saw 9 of its levels.
You also visited: Ossuary.

You collected 472 gold pieces.

Inventory:

Hand Weapons
 a - a +1 war axe (weapon)
 X - a +0 glaive of flaming
Missiles
 f - 210 stones
 g - 5 datura-tipped darts
 h - 66 sling bullets
 i - 2 boomerangs
 j - 3 curare-tipped darts (quivered)
 m - 73 arrows
 n - 18 poisoned darts
 r - 13 bolts
 w - a throwing net
Armour
 c - a +0 kite shield (worn)
 l - a +0 pair of boots (worn)
 z - +0 fire dragon scales (worn)
 F - a +2 hat (worn)
 G - a +2 robe of willpower
 Y - +0 swamp dragon scales
Jewellery
 q - a ring of willpower (left hand)
 u - an amulet of reflection (around neck)
Wands
 v - a wand of acid (11)
 y - a wand of digging (11)
 C - a wand of paralysis (8)
 K - a wand of flame (11)
 P - a wand of random effects (12)
 U - a wand of iceblast (3)
Scrolls
 b - 3 scrolls of amnesia
 k - 3 scrolls of fear
 o - 2 scrolls of enchant weapon
 s - 3 scrolls of enchant armour
 D - a scroll of identify
 E - a scroll of immolation
 L - 2 scrolls of teleportation
 M - a scroll of brand weapon {unknown}
 O - a scroll of blinking
 R - 3 scrolls of magic mapping
 S - a scroll of remove curse
Potions
 d - 8 potions of might
 e - 7 potions of curing
 p - 2 potions of brilliance {unknown}
 t - 2 potions of lignification {unknown}
 B - a potion of cancellation {unknown}
 I - 3 potions of attraction {unknown}
 N - a potion of haste
 Q - a potion of flight
 T - a potion of degeneration
 W - a potion of heal wounds


   Skills:
 + Level 6.5 Fighting
 + Level 6.0 Axes
 - Level 5.0 Armour
 * Level 8.3 Shields
 - Level 3.0 Spellcasting
 - Level 5.0 Evocations


You had 15 spell levels left.
You didn't know any spells.
Your spell library contained the following spells:

 Spells                   Type           Power        Failure   Level
 Foxfire                  Conj/Fire      4%           93%         1
 Magic Dart               Conj           4%           93%         1
 Searing Ray              Conj           2%           98%         2
 Conjure Flame            Conj/Fire      1%           100%        3
 Dazzling Flash           Conj/Hex       2%           100%        3
 Inner Flame              Hex/Fire       1%           100%        3
 Fulminant Prism          Conj/Hex       0%           100%        4
 Iskenderun's Mystic Bla  Conj/Tloc      1%           100%        4
 Sticky Flame             Conj/Fire      1%           100%        4
 Fireball                 Conj/Fire      0%           100%        5


Dungeon Overview and Level Annotations

Branches:
Dungeon (8/15)             Temple (1/1) D:4         Ossuary (visited)
   Lair: D:8-11

Altars:
Ashenzari
Cheibriados
Dithmenos
Elyvilon
Fedhas
Gozag
Hepliaklqana
Kikubaaqudgha
Makhleb
Nemelex Xobeh
Okawaru
Qazlal
Ru
Sif Muna
Trog
Uskayaw
Vehumet
Wu Jian
Xom
Yredelemnul
Zin
The Shining One

Shops:
D:5 *   D:6 }

Annotations:
D:8 3 runed translucent doors, Name63's ghost, novice GnCj; akumoriri's ghost, novice MiFi; oldnick's ghost, novice TrMo


Innate Abilities, Weirdness & Mutations

You have razor-sharp teeth.
Your natural rate of healing is unusually fast.
When hurt, damage is shared between your health and your magic reserves.
Your bite disrupts and absorbs the magic of your enemies.
Potions cannot restore your health.
You are very agile. (Dex +4)
You are covered in fur. (AC +1)
You expend magic power (3 MP) to strengthen your wands.


Message History

The two-headed ogre is moderately wounded.
You block the two-headed ogre's attack. x2
You slash the two-headed ogre! You bite the two-headed ogre.
You drain its power.
You feel invigorated.
The two-headed ogre is heavily wounded.
The two-headed ogre closely misses you. You block the two-headed ogre's attack.
You hit the two-headed ogre. You bite the two-headed ogre. You drain its power.
You feel invigorated.
The two-headed ogre is severely wounded.
The two-headed ogre closely misses you.
The two-headed ogre hits you with a +0 giant spiked club!
You hit the two-headed ogre.
The two-headed ogre is severely wounded.
The two-headed ogre hits you with a +0 giant club!
* * * LOW HITPOINT WARNING * * *
The two-headed ogre barely misses you.
You hit the two-headed ogre.
The two-headed ogre is severely wounded.
The two-headed ogre hits you with a +0 giant club!!
You die...

...##.####...#
.............
............
...........
.....^....
#.........
#.O.......
#.@......#
#........#
#........#
#........#
########........+
#...............#
#...............#
#....)..........#
#......)........#


You could see a two-headed ogre.

Vanquished Creatures
  The ghost of OdinFK the Martial Artist, a novice DgTm (D:6)
  Psyche (D:8)
  Maggie (D:6)
  Prince Ribbit (D:7)
  A wyvern (D:8)
  Eustachio (D:6)
  Menkaure (D:4)
  2 water moccasins (D:7)
  Duvessa (D:7)
  2 orc warriors (D:8)
  2 ice beasts
  2 phantoms
  3 ogres
  A centaur (D:6)
  A big kobold (D:7)
  3 water moccasin zombies (Ossuary)
  Dowan (D:7)
  3 scorpions
  A howler monkey (D:8)
  6 hounds
  2 iguanas
  6 orc priests
  A bullfrog skeleton (D:8)
  4 orc wizards
  Natasha (thrice) (D:4)
  8 worker ants
  Ijyb (D:4)
  A big kobold zombie (Ossuary)
  A hound zombie (D:5)
  A howler monkey zombie (D:6)
  2 mummies (Ossuary)
  4 gnolls
  12 adders
  A shadow imp (D:6)
  3 white imps
  2 oozes (D:2)
  8 adder zombies (Ossuary)
  2 worms
  2 dart slugs (D:2)
  4 leopard geckos
  30 orcs
  5 giant cockroaches
  6 goblins
  7 hobgoblins
  5 jackals
  15 kobolds
  3 quokkas
  2 ball pythons
  7 bats
  6 frilled lizards
  2 gnoll zombies (Ossuary)
  8 hobgoblin zombies (Ossuary)
  A kobold zombie (Ossuary)
  A leopard gecko zombie (D:7)
  6 orc zombies (Ossuary)
  A quokka zombie (D:6)
  15 rats
223 creatures vanquished.

Vanquished Creatures (others)
  A withered plant (D:8)
1 creature vanquished.

Grand Total: 224 creatures vanquished

Notes
Turn   | Place    | Note
-------+----------+-------------------------------------------
     0 | D:1      | Descartes the Vine Stalker Fighter began the quest for the
                  | Orb.
     0 | D:1      | Reached XP level 1. HP: 11/11 MP: 2/2
   265 | D:1      | Reached XP level 2. HP: 16/16 MP: 3/3
   932 | D:1      | Reached XP level 3. HP: 18/19 MP: 5/5
  1380 | D:2      | Reached skill level 1 in Spellcasting
  1476 | D:2      | Reached skill level 3 in Shields
  1729 | D:2      | Gained mutation: Your natural rate of healing is unusually
                  | fast. [Vine Stalker growth]
  1729 | D:2      | Reached XP level 4. HP: 24/24 MP: 5/7
  1913 | D:2      | Gained mutation: You expend magic power (3 MP) to
                  | strengthen your wands. [potion of mutation]
  1913 | D:2      | Gained mutation: You are agile. (Dex +2) [potion of
                  | mutation]
  1913 | D:2      | Gained mutation: You are very agile. (Dex +4) [potion of
                  | mutation]
  1913 | D:2      | Gained mutation: You are covered in fur. (AC +1) [potion of
                  | mutation]
  1964 | D:2      | Found a faded altar of an unknown god.
  2143 | D:3      | Reached XP level 5. HP: 27/28 MP: 6/8
  2790 | D:4      | Noticed Natasha
  2798 | D:4      | Killed Natasha
  2799 | D:4      | Reached XP level 6. HP: 26/32 MP: 7/10
  2801 | D:4      | Noticed a phantom
  2830 | D:4      | Killed a phantom
  2831 | D:4      | Noticed Natasha
  2846 | D:4      | Killed Natasha
  2883 | D:4      | Noticed Ijyb
  2891 | D:4      | Killed Ijyb
  2917 | D:4      | Noticed Natasha
  2921 | D:4      | Killed Natasha
  2956 | D:4      | Found a burning altar of Makhleb.
  2973 | D:4      | Became a worshipper of Makhleb the Destroyer
  3072 | D:4      | Noticed Menkaure
  3074 | D:4      | Reached skill level 4 in Shields
  3074 | D:4      | Reached XP level 7. HP: 21/37 MP: 8/12
  3079 | D:4      | Killed Menkaure
  3080 | D:4      | Reached skill level 1 in Evocations
  3156 | D:4      | Found a staircase to the Ecumenical Temple.
  3164 | Temple   | Entered the Ecumenical Temple
  3743 | D:5      | Entered Level 5 of the Dungeon
  3743 | D:5      | Found Gozag's Platinum Reserve.
  3797 | D:5      | Found a sand-covered staircase.
  3818 | Ossuary  | Entered an ossuary
  3887 | Ossuary  | Reached * piety under Makhleb
  3942 | Ossuary  | Gained mutation: You have razor-sharp teeth. [Vine Stalker
                  | growth]
  3942 | Ossuary  | Reached XP level 8. HP: 38/42 MP: 11/13
  4127 | D:5      | Reached ** piety under Makhleb
  4128 | D:5      | Reached skill level 5 in Shields
  4252 | D:5      | Found an opulent altar of Gozag.
  4881 | D:6      | Found Ukuij's Gadget Shop.
  5306 | D:6      | Found a runed translucent gate.
  5307 | D:6      | Found a runed translucent gate.
  5308 | D:6      | Found a runed translucent gate.
  5308 | D:6      | Noticed OdinFK's ghost (novice DgTm)
  5329 | D:6      | Killed OdinFK's ghost
  5330 | D:6      | Reached skill level 5 in Fighting
  5330 | D:6      | Reached skill level 6 in Shields
  5330 | D:6      | Reached XP level 9. HP: 31/47 MP: 14/14
  5696 | D:6      | Noticed Eustachio
  5713 | D:6      | Killed Eustachio
  6045 | D:7      | Noticed Maggie
  6123 | D:6      | Killed Maggie
  6124 | D:6      | Reached skill level 5 in Axes
  6196 | D:7      | Noticed Dowan
  6196 | D:7      | Noticed Duvessa
  6208 | D:7      | Killed Duvessa
  6214 | D:7      | Reached skill level 5 in Armour
  6214 | D:7      | Reached skill level 7 in Shields
  6218 | D:7      | Killed Dowan
  6641 | D:7      | Noticed Prince Ribbit
  6645 | D:7      | Reached *** piety under Makhleb
  6655 | D:7      | Reached XP level 10. HP: 53/53 MP: 15/15
  6667 | D:7      | Killed Prince Ribbit
  7117 | D:8      | Noticed Psyche
  7125 | D:8      | Killed Psyche
  7126 | D:8      | Reached skill level 8 in Shields
  7190 | D:8      | Found a runed translucent gate.
  7222 | D:8      | Found a runed translucent gate.
  7222 | D:8      | Found a runed translucent gate.
  7222 | D:8      | Noticed oldnick's ghost (novice TrMo)
  7222 | D:8      | Noticed Name63's ghost (novice GnCj)
  7222 | D:8      | Noticed akumoriri's ghost (novice MiFi)
  7234 | D:8      | Reached skill level 5 in Evocations
  7275 | D:8      | Noticed a two-headed ogre
  7288 | D:8      | Mangled by a two-headed ogre

Illustrated notes

Levels and vault maps discovered:
D:1:      scummos_arrival_simple_fountains, layout_loops_ring, serial_rivers,
          chequers_serial_rivers_small_3, chequers_serial_rivers_large_b,
          chequers_serial_rivers_micro_c, chequers_serial_rivers_small_3,
          chequers_serial_rivers_micro_b
D:2:      layout_rooms, chequers_ecumenical_altar_simple_redux
D:3:      layout_loops_cross
D:4:      layout_rooms, kennysheep_mini_moat, minmay_temple_entry_arrows,
          st_stairs_5, uniq_ijyb, uniq_natasha, uniq_menkaure
D:5:      layout_loops_ring, chequers_ossuary_entry_cave, minivault_19,
          nicolae_gozag_zags_fifth_avenue
D:6:      layout_loops_ring, serial_shops, shop, ebering_ghost_rock_garden,
          grunt_ministairs_11, minivault_5, uniq_eustachio
D:7:      layout_loops_ring, uniq_prince_ribbit1, uniq_maggie, uniq_duvessa
D:8:      layout_gridville, gammafunk_ghost_cemetery, uniq_psyche
Temple:   roderic_octagonal_lattice_temple

Skill      XL: |  1  2  3  4  5  6  7  8  9 10 |
---------------+-------------------------------+-----
Axes           | 2 3 4 5 6 |  6.0
Fighting       | 3 4 5 6 |  6.5
Spellcasting   | 1 2 3 |  3.0
Shields        | 3 4 6 7 8 |  8.3
Armour         | 3 4 5 |  5.0
Evocations     | 1 3 4 5 |  5.0

Action                   |  1- 3 |  4- 6 |  7- 9 | 10-12 || total
-------------------------+-------+-------+-------+-------++-------
Melee: War axe           |    84 |   169 |   340 |    98 ||   691
       Bite              |    14 |    47 |   132 |    39 ||   232
  Use: Scroll            |     2 |     4 |     4 |    11 ||    21
       Potion            |       |     1 |       |       ||     1
Armor: Scale mail        |    29 |       |       |       ||    29
       Chain mail        |       |    74 |       |       ||    74
       Fire dragon scale |       |    10 |   139 |    35 ||   184
Dodge: Dodged            |    25 |    24 |    61 |    16 ||   126
Block: Kite shield       |    44 |    94 |   219 |    75 ||   432
       Reflection        |       |       |     5 |       ||     5
